 Dungeon Sprint DCSS version 0.19-a0-1937-g70ed36a (webtiles) character file.

35297 packetloss the Peltast (level 14, -5/128 HPs)
             Began as a Formicid Fighter on Oct 26, 2016.
             Was the Champion of Makhleb.
             Killed from afar by Aizul (35 damage)
             ... with a bolt of poison
             ... in the Dungeon (Sprint IX: "|||||||||||||||||||||||||||||").
             The game lasted 00:33:05 (4956 turns).

packetloss the Peltast (Formicid Fighter)           Turns: 4956, Time: 00:33:06

Health: -5/128     AC: 23    Str: 26    XL:     14   Next: 17%
Magic:  25/25      EV: 17    Int: 11    God:    Makhleb [******]
Gold:   1851       SH: 16    Dex: 13    Spells: 0 memorised, 13 levels left

rFire  + + .     SeeInvis +     a - +1 lajatang
rCold  x . .     Gourm    .     H - +1 fire dragon scales
rNeg   . . .     Faith    .     c - +0 shield
rPois  .         Spirit   .     (helmet unavailable)
rElec  .         Reflect  .     k - +1 cloak
rCorr  .         Harm     .     r - +1 pair of gloves
MR     +....                    F - +1 pair of boots
Stlth  +.........               (no amulet)
                                t - +3 ring of strength
                                u - +3 ring of intelligence

@: lethally poisoned (-5 -> -32)
A: permanent stasis, dig shafts and tunnels, four strong arms, antennae 3
a: Dig, Minor Destruction, Lesser Servant of Makhleb, Major Destruction, Greater
Servant of Makhleb, Renounce Religion


You were in the Dungeon.
You worshipped Makhleb.
Makhleb was exalted by your worship.
You were not hungry.

You visited 1 branch You collected 1900 gold pieces.
You spent 49 gold pieces at shops.

Inventory:

Hand Weapons
 a - a +1 lajatang (weapon)
   (You found it in the Dungeon)
 b - a +0 hunting sling
   (You took it off Joseph in the Dungeon)
 d - a +4 quarterstaff of speed
   (You found it in the Dungeon)
 v - a +1 lajatang
   (You found it in the Dungeon)
 K - a cursed +0 arbalest
   (You took it off a yaktaur in the Dungeon)
 M - a +2 longbow of velocity
   (You took it off a naga sharpshooter in the Dungeon)
Missiles
 m - 17 stones (quivered)
 E - 23 sling bullets
 L - 18 bolts
 O - 56 arrows
Armour
 c - a +0 shield (worn)
 k - a +1 cloak (worn)
   (You found it in the Dungeon)
 r - a +1 pair of gloves (worn)
   (You found it in the Dungeon)
 s - a +0 scale mail
 w - a +1 chain mail
   (You found it in the Dungeon)
 F - a +1 pair of boots (worn)
   (You found it in the Dungeon)
 G - the +1 ice dragon scales of Cheibriados's Pride {rF- rC++ MR+}
   (You found it in the Dungeon)

   It makes you vulnerable to fire.
   It greatly protects you from cold.
   It affects your resistance to hostile enchantments.
 H - +1 fire dragon scales (worn)
   (You found it in the Dungeon)
 N - a +2 shield of fire resistance
   (You took it off a tengu warrior in the Dungeon)
Magical Staves
 p - an uncursed staff of energy {+MP, hungerless spells, !d!a@w1}
   (You found it in the Dungeon)
Jewellery
 t - a +3 ring of strength (right hand)
   (You found it in the Dungeon)
 u - a +3 ring of intelligence (left hand)
   (You found it in the Dungeon)
Wands
 q - a wand of acid (7/15)
   (You found it in the Dungeon)
Scrolls
 n - 4 scrolls of remove curse
 o - 2 scrolls of amnesia
 A - a scroll of recharging
 B - a scroll of enchant armour
 C - 2 scrolls of fear
 D - 4 scrolls of enchant weapon
 J - 2 scrolls of identify
Potions
 e - 4 potions of curing
 g - a potion of invisibility
 i - 4 potions of magic
 l - 2 potions of agility
 x - 5 potions of heal wounds
 z - a potion of brilliance
 I - 2 potions of might
Miscellaneous
 y - a fan of gales
   (You found it in the Dungeon)
Comestibles
 f - 13 bread rations {@e1}
 h - 39 fruits
 j - 11 meat rations {@e2}
 P - 4 chunks of flesh {@w0}


   Skills:
 + Level 17.3 Fighting
 - Level 14.7 Staves
 + Level 17.2 Armour
 + Level 11.6 Dodging
 - Level 3.7 Stealth
 + Level 18.6 Shields
 + Level 15.4 Invocations
 - Level 4.0 Evocations


You had 13 spell levels left.
You didn't know any spells.

Dungeon Overview and Level Annotations

Branches:
Dungeon (1/1)

Altars:
Cheibriados
Dithmenos
Elyvilon
Fedhas
Gozag
Hepliaklqana
Kikubaaqudgha
Makhleb
Nemelex Xobeh
Okawaru
Qazlal
Ru
Sif Muna
Trog
Uskayaw
Vehumet
Xom
Yredelemnul
Zin
The Shining One
Beogh
Jiyva
Lugonu

Shops:
D (%?[

Annotations:
D Aizul


Innate Abilities, Weirdness & Mutations

You are under a permanent stasis effect.
You can dig through walls and to a lower floor.
Your four strong arms can wield two-handed weapons with a shield.
You have a pair of large antennae on your head. (SInv)


Message History

Spoiler Alert: Aizul is very fast and casts Sleep, Poison Arrow, and Venom Bolt!
You take 17 damage, and have 111/128 hp.
Unknown command.
Wield which item (- for none, * to show all)? (? for menu, Esc to quit)
Your hands tingle!
d - a +4 quarterstaff of speed (weapon)
You feel sick.
Spoiler Alert: Aizul is very fast and casts Sleep, Poison Arrow, and Venom Bolt!
You take 1 damage, and have 110/128 hp.
You feel sick. Aizul casts a spell at you. You block the poison arrow.
You take 2 damage, and have 108/128 hp.
You feel sick. You block Aizul's attack.
Spoiler Alert: Aizul is very fast and casts Sleep, Poison Arrow, and Venom Bolt!
You take 1 damage, and have 107/128 hp.
You closely miss Aizul.
Aizul coils herself and waves her upper body at you.
The bolt of poison hits you!
You are more poisoned.
You take 21 damage, and have 86/128 hp.
Unknown command.
Spoiler Alert: Aizul is very fast and casts Sleep, Poison Arrow, and Venom Bolt!
You thump Aizul!
You feel sick.
You barely miss Aizul.
You feel sick. You block Aizul's attack.
You take 1 damage, and have 85/128 hp.
You barely miss Aizul.
You feel sick. Aizul misses you.
You take 1 damage, and have 84/128 hp.
You barely miss Aizul.
You feel sick.
Spoiler Alert: Aizul is very fast and casts Sleep, Poison Arrow, and Venom Bolt!
You take 1 damage, and have 83/128 hp.
You hit Aizul.
You feel sick. Aizul casts a spell at you. The bolt of poison hits you!
You are more poisoned.
You take 1 damage, and have 82/128 hp.
You closely miss Aizul.
You feel sick.
Spoiler Alert: Aizul is very fast and casts Sleep, Poison Arrow, and Venom Bolt!
You take 2 damage, and have 80/128 hp.
You hit Aizul.
You feel sick.
Aizul coils herself and waves her upper body at you.
You struggle to resist.
You take 1 damage, and have 79/128 hp.
You miss Aizul.
You feel sick. You block Aizul's attack.
Spoiler Alert: Aizul is very fast and casts Sleep, Poison Arrow, and Venom Bolt!
You take 2 damage, and have 77/128 hp.
You sock Aizul!
You feel sick.
You hit Aizul but do no damage.
You feel sick.
Aizul coils herself and waves her upper body at you.
The bolt of poison misses you.
You take 2 damage, and have 75/128 hp.
You are too injured to fight recklessly!
Spoiler Alert: Aizul is very fast and casts Sleep, Poison Arrow, and Venom Bolt!
Wield which item (- for none, * to show all)? (? for menu, Esc to quit)
a - a +1 lajatang (weapon)
You feel sick.
Aizul says, "Replaced!
How does it feel to be replaced?"
Aizul coils herself and waves her upper body at you.
The bolt of poison hits you!
You are more poisoned.
Spoiler Alert: Aizul is very fast and casts Sleep, Poison Arrow, and Venom Bolt!
You take 27 damage, and have 48/128 hp.
MASSIVE DAMAGE!!
You barely miss Aizul.
You feel very sick. Aizul barely misses you.
You take 4 damage, and have 44/128 hp.
Unknown command.
Spoiler Alert: Aizul is very fast and casts Sleep, Poison Arrow, and Venom Bolt!
You feel better.
Aizul coils herself and waves her upper body at you.
The bolt of poison hits you!
You are poisoned.
You take 1 damage, and have 43/128 hp.
Unknown command.
Spoiler Alert: Aizul is very fast and casts Sleep, Poison Arrow, and Venom Bolt!
You hit Aizul.
You feel sick.
Aizul coils herself and waves her upper body at you.
The bolt of poison misses you.
You miss Aizul.
You feel sick.
Aizul coils herself and waves her upper body at you.
The bolt of poison misses you.
Spoiler Alert: Aizul is very fast and casts Sleep, Poison Arrow, and Venom Bolt!
You take 1 damage, and have 42/128 hp.
A demon appears!
You feel sick. You block Aizul's attack. Aizul casts a spell at you.
You block the poison arrow.
You take 11 damage, and have 31/128 hp.
Unknown command.
Spoiler Alert: Aizul is very fast and casts Sleep, Poison Arrow, and Venom Bolt!
Unknown command.
You hit Aizul.
You feel sick. Aizul hits you but does no damage.
You take 1 damage, and have 30/128 hp.
Unknown command.
You hit Aizul but do no damage.
You feel sick.
Your green death barely misses Aizul.
Aizul coils herself and waves her upper body at you.
The bolt of poison hits you!
You are more poisoned.
You die...

▓▓▓▓▓▓▓▓▓▓▓▓▓▓▓▓▓▓▓
......'="==..))))))
▓▓▓▓▓▓▓▓▓▓▓▓▓▓▓▓▓▓▓
...................
▓▓▓▓▓▓▓▓▓▓▓▓▓▓▓▓▓▓▓
............')))...
▓▓▓▓▓▓▓▓▓▓▓▓▓▓▓▓▓▓▓
,,.....2S@.........
**▓▓▓▓▓▓▓▓▓▓▓▓▓▓▓▓▓
,,,,,,,,,,,,,,+{{{{
*******************
,,,,,,,,,,{,,,,,,,,
*******************
,,,,,,,,,+,,,,,,,,,
*******************


You could see Aizul and a friendly green death.

Vanquished Creatures
  Frances (D)
  Nessos (D)
  2 ettins (D)
  A merfolk impaler (D)
  Josephine (D)
  4 hydras (D)
  An ice dragon (D)
  3 naga warriors (D)
  2 merfolk avatars (D)
  A satyr (D)
  A merfolk aquamancer (D)
  2 ogre magi (D)
  A tengu warrior (D)
  A shock serpent (D)
  An orc high priest (D)
  A naga sharpshooter (D)
  A deep troll earth mage (D)
  A sea snake (D)
  A swamp dragon (D)
  3 orc knights (D)
  A deep elf mage (D)
  An ugly thing (D)
  2 elephants (D)
  2 naga magi (D)
  3 black mambas (D)
  Joseph (D)
  A water nymph (D)
  2 spiny frogs (D)
  2 komodo dragons (D)
  A yaktaur (D)
  5 polar bears (D)
  A troll (D)
  7 two-headed ogres (D)
  3 bog bodies (D)
  A snapping turtle (D)
  2 slime creatures (D)
  3 hippogriffs (D)
  5 wraiths (D)
  A wyvern (D)
  3 yaks (D)
  A vampire mosquito (D)
  2 basilisks (D)
  2 water moccasins (D)
  11 orc warriors (D)
  A swamp drake (D)
  An ice beast (D)
  A porcupine (D)
  3 black bears (D)
  A necrophage (D)
  5 ogres (D)
  A centaur (D)
  2 crocodiles (D)
  A big kobold (D)
  2 bullfrogs (D)
  A jelly (D)
  4 orc priests (D)
  5 orc wizards (D)
  2 adders (D)
  A shadow imp (D)
  A worm (D)
  4 orcs (D)
  A bat (D)
  A bat skeleton (D)
  A giant cockroach (D)
  A jackal (D)
  A frilled lizard (D)
  A kobold (D)
  A quokka skeleton (D)
136 creatures vanquished.

Vanquished Creatures (collateral kills)
  An entropy weaver (D)
  An orb spider (D)
  A wolf spider (D)
  A hornet (D)
  2 tarantellas (D)
  3 redbacks (D)
9 creatures vanquished.

Vanquished Creatures (others)
  A spatial maelstrom (D)
  A manticore (D)
2 creatures vanquished.

Grand Total: 147 creatures vanquished

Notes
Turn   | Place    | Note
-------+----------+-------------------------------------------
     0 | D        | packetloss the Formicid Fighter began the quest for the Orb.
     0 | D        | Reached XP level 1. HP: 18/18 MP: 1/1
     9 | D        | Reached skill level 4 in Shields
    10 | D        | Banished a spatial maelstrom
    71 | D        | Noticed an orc wizard
    85 | D        | Reached skill level 4 in Staves
    85 | D        | Reached XP level 2. HP: 16/25 MP: 2/2
    89 | D        | Reached skill level 6 in Staves
    89 | D        | Reached XP level 3. HP: 17/30 MP: 3/3
    95 | D        | HP: 6/30 [worm (8)]
   102 | D        | HP: 4/30 [poisoned by an adder]
   109 | D        | Reached XP level 4. HP: 26/37 MP: 4/4
   115 | D        | Reached skill level 7 in Staves
   200 | D        | Found a roughly hewn altar of Beogh.
   200 | D        | Found a snail-covered altar of Cheibriados.
   200 | D        | Found a shadowy altar of Dithmenos.
   200 | D        | Found a white marble altar of Elyvilon.
   200 | D        | Found a blossoming altar of Fedhas.
   200 | D        | Found an opulent altar of Gozag.
   201 | D        | Found a hazy altar of Hepliaklqana.
   202 | D        | Found a viscous altar of Jiyva.
   203 | D        | Found an ancient bone altar of Kikubaaqudgha.
   204 | D        | Found a corrupted altar of Lugonu.
   205 | D        | Found a burning altar of Makhleb.
   206 | D        | Found a sparkling altar of Nemelex Xobeh.
   207 | D        | Found an iron altar of Okawaru.
   208 | D        | Found a stormy altar of Qazlal.
   209 | D        | Found a sacrificial altar of Ru.
   210 | D        | Found a deep blue altar of Sif Muna.
   211 | D        | Found a bloodstained altar of Trog.
   212 | D        | Found a hide-covered altar of Uskayaw.
   213 | D        | Became a worshipper of Makhleb the Destroyer
   214 | D        | Found a radiant altar of Vehumet.
   215 | D        | Found a shimmering altar of Xom.
   216 | D        | Found a basalt altar of Yredelemnul.
   217 | D        | Found a glowing silver altar of Zin.
   218 | D        | Found a glowing golden altar of the Shining One.
   274 | D        | Noticed a centaur
   274 | D        | Noticed a troll
   274 | D        | Noticed a big kobold
   274 | D        | Noticed an ice beast
   277 | D        | Killed a centaur
   277 | D        | Reached skill level 5 in Fighting
   277 | D        | Reached skill level 5 in Armour
   277 | D        | Reached skill level 5 in Shields
   277 | D        | Reached XP level 5. HP: 30/44 MP: 5/5
   283 | D        | HP: 10/44 [troll (11)]
   289 | D        | HP: 5/44 [troll (8)]
   296 | D        | Killed a troll
   296 | D        | Reached skill level 7 in Fighting
   296 | D        | Reached skill level 9 in Staves
   296 | D        | Reached skill level 7 in Armour
   296 | D        | Reached skill level 7 in Shields
   296 | D        | Reached XP level 6. HP: 22/55 MP: 6/6
   297 | D        | Reached * piety under Makhleb
   301 | D        | Reached skill level 8 in Shields
   301 | D        | Reached XP level 7. HP: 24/61 MP: 7/7
   306 | D        | Reached ** piety under Makhleb
   306 | D        | Reached skill level 8 in Fighting
   306 | D        | Reached skill level 8 in Armour
   306 | D        | Reached skill level 9 in Shields
   492 | D        | Noticed a slime creature
   492 | D        | Noticed a yak
   492 | D        | Noticed a wyvern
   492 | D        | Noticed a komodo dragon
   499 | D        | Killed a slime creature
   499 | D        | Reached skill level 10 in Staves
   499 | D        | Reached XP level 8. HP: 70/70 MP: 8/8
   506 | D        | Killed a yak
   506 | D        | Reached skill level 9 in Fighting
   506 | D        | Reached skill level 9 in Armour
   506 | D        | Reached skill level 10 in Shields
   514 | D        | Killed a wyvern
   521 | D        | Killed a komodo dragon
   521 | D        | Reached *** piety under Makhleb
   521 | D        | Reached skill level 11 in Staves
   526 | D        | Reached skill level 1 in Invocations
   655 | D        | Noticed a hippogriff
   655 | D        | Noticed a basilisk
   655 | D        | Noticed a spiny frog
   655 | D        | Noticed a yak
   655 | D        | Noticed a five-headed hydra
   659 | D        | Killed a hippogriff
   659 | D        | Reached skill level 10 in Fighting
   659 | D        | Reached skill level 10 in Armour
   659 | D        | Reached skill level 11 in Shields
   659 | D        | Reached skill level 2 in Invocations
   659 | D        | Reached XP level 9. HP: 78/78 MP: 10/10
   669 | D        | Reached **** piety under Makhleb
   669 | D        | Reached skill level 3 in Invocations
   678 | D        | Noticed a komodo dragon
   679 | D        | Killed a five-headed hydra
   679 | D        | Reached skill level 12 in Staves
   679 | D        | Reached skill level 5 in Invocations
   689 | D        | Killed a spiny frog
   689 | D        | Reached skill level 11 in Fighting
   689 | D        | Reached skill level 13 in Staves
   689 | D        | Reached skill level 11 in Armour
   689 | D        | Reached skill level 12 in Shields
   694 | D        | Reached XP level 10. HP: 83/88 MP: 11/14
   699 | D        | Reached ***** piety under Makhleb
   699 | D        | Reached skill level 6 in Invocations
   713 | D        | Killed a komodo dragon
   856 | D        | Noticed a black mamba
   856 | D        | Noticed an elephant
   865 | D        | Reached skill level 1 in Evocations
   875 | D        | Killed a black mamba
   875 | D        | Reached skill level 2 in Evocations
   888 | D        | Noticed an elephant
   892 | D        | Killed an elephant
   899 | D        | Reached skill level 14 in Staves
   899 | D        | Reached skill level 3 in Evocations
   915 | D        | Reached ****** piety under Makhleb
   915 | D        | Reached skill level 12 in Fighting
   927 | D        | Killed an elephant
   927 | D        | Reached skill level 12 in Armour
   927 | D        | Reached skill level 13 in Shields
   927 | D        | Reached skill level 4 in Evocations
   956 | D        | Reached skill level 1 in Stealth
   963 | D        | Reached skill level 1 in Dodging
   974 | D        | Reached skill level 2 in Stealth
   974 | D        | Reached XP level 11. HP: 95/95 MP: 15/15
   985 | D        | Reached skill level 2 in Dodging
   989 | D        | Reached skill level 3 in Stealth
  1125 | D        | Noticed an orc knight
  1158 | D        | Killed an orc knight
  1158 | D        | Reached skill level 3 in Dodging
  1158 | D        | Reached skill level 7 in Invocations
  1242 | D        | Noticed an orc knight
  1242 | D        | Noticed an orc high priest
  1242 | D        | Noticed an orc knight
  1277 | D        | Killed an orc knight
  1299 | D        | Reached skill level 4 in Dodging
  1325 | D        | Killed an orc high priest
  1325 | D        | Reached skill level 13 in Fighting
  1325 | D        | Reached skill level 13 in Armour
  1325 | D        | Reached skill level 14 in Shields
  1325 | D        | Reached skill level 8 in Invocations
  1339 | D        | Killed an orc knight
  1655 | D        | Reached skill level 5 in Dodging
  1692 | D        | Found Caulejem's Antique Weapon Emporium.
  1692 | D        | Noticed an ogre mage
  1694 | D        | Reached skill level 9 in Invocations
  1715 | D        | Killed an ogre mage
  1729 | D        | Reached skill level 6 in Dodging
  1729 | D        | Reached XP level 12. HP: 99/106 MP: 17/19
  1734 | D        | Found Udoadil's Food Shoppe.
  1740 | D        | Found Toshonai's Magic Scroll Emporium.
  1743 | D        | Found Hoasiyck's Armour Shoppe.
  1770 | D        | Reached skill level 15 in Shields
  1788 | D        | Reached skill level 10 in Invocations
  1817 | D        | Reached skill level 14 in Fighting
  1866 | D        | Bought a scroll of magic mapping for 49 gold pieces
  1935 | D        | Noticed Joseph
  1953 | D        | Killed Joseph
  1953 | D        | Reached skill level 14 in Armour
  2019 | D        | Got the +1 ice dragon scales of Cheibriados's Pride {rF- rC++ MR+}
  2097 | D        | Noticed an ogre mage
  2126 | D        | Reached skill level 7 in Dodging
  2138 | D        | Killed an ogre mage
  2155 | D        | Reached skill level 11 in Invocations
  2227 | D        | Upgraded the game from 0.19-a0-1932-g59670f6 to 0.19-a0-1937-g70ed36a
  2233 | D        | Noticed an ettin
  2234 | D        | Noticed a tengu warrior
  2235 | D        | Noticed an ice dragon
  2276 | D        | Killed an ettin
  2292 | D        | Killed a tengu warrior
  2427 | D        | Killed an ice dragon
  2427 | D        | Reached skill level 8 in Dodging
  2427 | D        | Reached skill level 16 in Shields
  2484 | D        | Noticed an ettin
  2497 | D        | Killed an ettin
  2497 | D        | Reached skill level 15 in Fighting
  2513 | D        | Noticed a deep troll earth mage
  2520 | D        | Killed a deep troll earth mage
  2520 | D        | Reached skill level 15 in Armour
  2520 | D        | Reached skill level 12 in Invocations
  2576 | D        | Noticed Nessos
  2601 | D        | Killed Nessos
  2883 | D        | Noticed a sea snake
  2883 | D        | Noticed a merfolk impaler
  2883 | D        | Noticed a satyr
  2883 | D        | Noticed a merfolk avatar
  2901 | D        | Killed a sea snake
  2901 | D        | Reached XP level 13. HP: 83/116 MP: 22/22
  2906 | D        | Killed a merfolk impaler
  2906 | D        | Reached skill level 9 in Dodging
  2908 | D        | Noticed a merfolk avatar
  2920 | D        | HP: 16/116 [water nymph/the raging water (16)]
  2936 | D        | Killed a merfolk avatar
  2936 | D        | Reached skill level 13 in Invocations
  2946 | D        | Reached skill level 17 in Shields
  2966 | D        | Killed a merfolk avatar
  3001 | D        | Noticed a naga warrior
  3001 | D        | Noticed a naga warrior
  3001 | D        | Noticed a naga warrior
  3052 | D        | Killed a naga warrior
  3052 | D        | Reached skill level 16 in Fighting
  3060 | D        | Reached skill level 16 in Armour
  3125 | D        | Killed a naga warrior
  3125 | D        | Reached skill level 10 in Dodging
  3132 | D        | Killed a naga warrior
  3444 | D        | Reached skill level 14 in Invocations
  3722 | D        | Noticed an entropy weaver
  3736 | D        | Killed an entropy weaver
  3748 | D        | Reached skill level 18 in Shields
  4042 | D        | Noticed a five-headed hydra
  4042 | D        | Noticed a five-headed hydra
  4042 | D        | Noticed a seven-headed hydra
  4129 | D        | Killed a five-headed hydra
  4139 | D        | Killed a five-headed hydra
  4139 | D        | Reached skill level 11 in Dodging
  4205 | D        | Killed a seven-headed hydra
  4253 | D        | Reached skill level 17 in Fighting
  4253 | D        | Reached XP level 14. HP: 83/128 MP: 25/25
  4565 | D        | Reached skill level 17 in Armour
  4595 | D        | Reached skill level 15 in Invocations
  4690 | D        | Noticed Josephine
  4723 | D        | Killed Josephine
  4762 | D        | Noticed Frances
  4794 | D        | Killed Frances
  4932 | D        | Noticed Aizul
  4954 | D        | HP: 31/128 [poisoned by Aizul (bolt of poison)]
  4956 | D        | Killed from afar by Aizul

Vault maps used:
D:        linesprint

Skill      XL: |  1  2  3  4  5  6  7  8  9 10 11 12 13 14 |
---------------+-------------------------------------------+-----
Shields        | 4 5 7 8 9 11 12 13 14 16 18 | 18.6
Staves         | 4 6 7 9 10 11 13 14 | 14.7
Fighting       | 5 7 8 10 11 12 13 15 17 | 17.3
Armour         | 5 7 8 10 11 12 13 15 16 17 | 17.2
Invocations    | 2 5 6 9 12 14 15 | 15.4
Evocations     | 4 |  4.0
Stealth        | 2 3 |  3.7
Dodging        | 1 6 8 11 | 11.6

Action                   |  1- 3 |  4- 6 |  7- 9 | 10-12 | 13-15 || total
-------------------------+-------+-------+-------+-------+-------++-------
Melee: Quarterstaff      |    41 |    27 |    75 |   484 |   139 ||   766
       Lajatang          |       |       |       |    29 |   124 ||   153
 Fire: Longbow           |       |       |       |       |    24 ||    24
Throw: Stone             |       |       |       |    10 |     2 ||    12
Invok: Minor Destruction |       |       |     1 |       |     1 ||     2
       Greater Servant o |       |       |       |     1 |     3 ||     4
       Major Destruction |       |       |       |       |     2 ||     2
  Use: Potion            |     1 |     3 |       |     1 |     3 ||     8
       Scroll            |       |       |       |     3 |       ||     3
 Stab: Distracted        |       |       |       |       |     1 ||     1
  Eat: Chunk             |       |       |       |     6 |     3 ||     9
       Fruit             |       |       |       |       |     1 ||     1
       Meat ration       |       |       |       |       |     1 ||     1
Armor: Scale mail        |    14 |     1 |       |       |       ||    15
       Chain mail        |       |    16 |     9 |    38 |       ||    63
       Fire dragon scale |       |       |       |    18 |    39 ||    57
       Ice dragon scales |       |       |       |    15 |       ||    15
Dodge: Dodged            |     4 |    17 |    11 |    89 |    66 ||   187
Block: Shield            |    19 |    20 |    23 |   161 |   119 ||   342

Vault maps used:
D:        linesprint

Table legend:
 A = Turns spent in this place as a percentage of turns spent in the entire game.
 B = Non-inter-level travel turns spent in this place as a percentage of non-inter-level travel turns spent in the entire game.
 C = Inter-level travel turns spent in this place as a percentage of turns spent in this place.
 D = Turns resting spent in this place as a percentage of non-inter-level travel turns spent in this place.
 E = Turns spent auto-exploring this place as a percentage of non-inter-level travel turns spent in this place.
 F = Non-inter-level travel turns spent in this place divided by the number of levels of this place that you've seen.
                   A       B       C       D       E      F
               +-------+-------+-------+-------+-------+----------------------
         Total | 100.0 | 100.0 |   0.1 |   2.0 |   0.6 | 2851.0
       Dungeon | 100.0 | 100.0 |   0.1 |   2.0 |   0.6 | 2851.0
               +-------+-------+-------+-------+-------+----------------------

Table legend:
 A = Kills in this place as a percentage of kills in entire the game.
 B = Kills by you in this place as a percentage of kills by you in the entire game.
 C = Kills by friends in this place as a percentage of kills by friends in the entire game.
 D = Other kills in this place as a percentage of other kills in the entire game.
 E = Experience gained in this place as a percentage of experience gained in the entire game.
 F = Experience gained in this place divided by the number of levels of this place that you have seen.
                   A       B       C       D       E      F
               +-------+-------+-------+-------+-------+----------------------
         Total | 100.0 | 100.0 | 100.0 | 100.0 | 100.0 | 50425.0
       Dungeon | 100.0 | 100.0 | 100.0 | 100.0 | 100.0 | 50425.0
               +-------+-------+-------+-------+-------+----------------------
